 Dungeon Crawl Stone Soup version 0.16.2-12-gd0ad4c3 (webtiles) character file.

669 Seneschal the Sneak (level 7, 0/48 HPs)
             Began as a Spriggan Enchanter on Sept 23, 2015.
             Succumbed to an orc wizard's poison
             ... on level 4 of the Dungeon.
             The game lasted 00:25:28 (3618 turns).

Seneschal the Sneak (Spriggan Enchanter)            Turns: 3618, Time: 00:25:28

Health: 0/48       AC: 23    Str:  4    XL:     7   Next: 32%
Magic:  24/24      EV:  4    Int: 18    God:
Gold:   198        SH:  0    Dex: 22    Spells: 3 memorised, 12 levels left

rFire  + . .     SeeInvis +     a - +1 dagger
rCold  . . .     Clarity  .     b - melded +1 robe
rNeg   + + +     SustAb   .     (shield restricted)
rPois  +         Gourm    .     (helmet currently unavailable)
rElec  .         Spirit   .     (cloak currently unavailable)
rCorr  .         Warding  .     (gloves unavailable)
rMut   .         NoTele   +     (boots unavailable)
MR     +....                    (no amulet)
Stlth  +++++++...               (no ring)
                                p - ring of protection from fire

@: agile, lethally poisoned (0 -> -20), tree-form, somewhat resistant to hostile
enchantments, extremely stealthy
A: unfitting armour, see invisible, herbivore 3, (speed 0), slow metabolism 2
a: no special abilities


You were on level 4 of the Dungeon.
You were not hungry.
You were a tree.
You visited 1 branch of the dungeon, and saw 4 of its levels.

You collected 198 gold pieces.

Inventory:

Hand weapons
 a - a +1 dagger (weapon)
Armour
 b - a +1 robe (melded)
 h - a +0 scale mail
 i - a cursed -1 chain mail
Jewellery
 p - a ring of protection from fire (left branch)
Scrolls
 e - 2 scrolls of teleportation {unknown}
 g - 5 scrolls of identify {unknown}
 j - a scroll of immolation {unknown}
 m - a scroll of amnesia {unknown}
 o - a scroll of remove curse {unknown}
 q - a scroll of magic mapping {unknown}
 s - a scroll of fog {unknown}
 t - 2 scrolls of recharging {unknown}
Books
 c - a book of Maledictions

   Spells                             Type                      Level
   a - Corona                         Hexes                        1
   b - Sure Blade                     Hexes/Charms                 2
   c - Ensorcelled Hibernation        Hexes/Ice                    2
   d - Confuse                        Hexes                        3
   e - Dazzling Spray                 Conjuration/Hexes            3
   f - Enslavement                    Hexes                        4
Comestibles
 d - a bread ration
 l - a slice of pizza
 n - a fruit


   Skills:
 - Level 1.1 Short Blades
 - Level 3.0 Dodging
 + Level 7.8 Stealth
 * Level 6.3 Spellcasting
 * Level 5.7 Hexes
 * Level 2.4 Ice Magic


You had 12 spell levels left.
You knew the following spells:

 Your Spells              Type           Power        Failure   Level  Hunger
a - Corona                Hex            ####...      1%          1    None
b - Ensorcelled Hibernat  Hex/Ice        ###...       3%          2    None
c - Confuse               Hex            ####....     3%          3    ##.....


Dungeon Overview and Level Annotations

Branches:
Dungeon (4/15)             Temple (0/1) D:4

Altars:

Shops:
D:4 *


Innate Abilities, Weirdness & Mutations

You are tiny and cannot use many weapons and most armour.
You have supernaturally acute eyesight.
You are a herbivore.
((You cover ground extremely quickly.))
You need consume almost no food.


Message History

You are too injured to fight recklessly!
You hit the orc wizard but do no damage.
The orc wizard is moderately wounded.
* * * LOW HITPOINT WARNING * * *
You feel sick.
The hound skeleton bites you but does no damage.
The orc wizard hits you but does no damage.
You hit the orc wizard but do no damage.
The orc wizard is moderately wounded.
* * * LOW HITPOINT WARNING * * *
You feel sick.
The hound skeleton bites you but does no damage.
The orc wizard hits you but does no damage.
You are more poisoned.
The hound skeleton bites you.
* * * LOW HITPOINT WARNING * * *
You cannot move.
You hit the orc wizard but do no damage.
The orc wizard is moderately wounded.
You die...

.................#..#
............>...##..##
#.............####...#
#............###.....#
##.........### #.#...#
#........## #.#####
##.....### #.# #####..#
###.### ##.## ###♣###
#######..#####Z)o#######
##..#.........#.>.'...†.#
.
..........#####⌠.⌠#####.#
... .....###### #######
#.## .... ......# ###.###
#S.## ..... ......## #.#
#...#...... .......#
###.# ##..)......
.......# ##.#.#
###o......


You could see an orc wizard and a hound skeleton.

Vanquished Creatures
  Grinder (D:3)
  An orc priest (D:3)
  4 orc wizards (D:3)
  A hound (D:4)
  A worker ant (D:3)
  Ijyb (D:3)
  4 gnolls (D:3)
  6 adders
  2 river rats (D:3)
  3 giant mites
  4 worms (D:3)
  The ghost of dscm the Chopper, a weakling MiBe of Trog (D:3)
  4 giant geckos
  11 orcs
  3 giant cockroaches (D:3)
  8 goblins
  9 hobgoblins
  11 kobolds
  5 bats
  3 giant newts
  9 jackals
  3 quokkas
  6 rats
101 creatures vanquished.

Notes
Turn   | Place    | Note
--------------------------------------------------------------
     0 | D:1      | Seneschal, the Spriggan Enchanter, began the quest for the Orb.
     0 | D:1      | Reached XP level 1. HP: 9/9 MP: 4/4
   146 | D:1      | Reached XP level 2. HP: 11/13 MP: 8/8
   150 | D:1      | Learned a level 2 spell: Ensorcelled Hibernation
   577 | D:1      | Reached skill level 5 in Stealth
   754 | D:2      | Reached XP level 3. HP: 12/16 MP: 11/11
  1288 | D:3      | Reached XP level 4. HP: 21/21 MP: 2/14
  1336 | D:3      | Noticed dscm's ghost (weakling MiBe)
  1449 | D:3      | Noticed Ijyb
  1450 | D:3      | Noticed Grinder
  1474 | D:3      | Killed Ijyb
  1474 | D:3      | Reached skill level 6 in Stealth
  1724 | D:3      | Learned a level 3 spell: Confuse
  1744 | D:3      | Reached skill level 1 in Ice Magic
  1866 | D:3      | Reached XP level 5. HP: 13/24 MP: 7/18
  2178 | D:3      | Reached skill level 5 in Hexes
  2273 | D:3      | Reached XP level 6. HP: 22/28 MP: 11/20
  2408 | D:3      | Killed Grinder
  2408 | D:3      | Reached skill level 7 in Stealth
  2408 | D:3      | Reached skill level 5 in Spellcasting
  2533 | D:3      | Reached XP level 7. HP: 30/32 MP: 7/23
  2933 | D:3      | Killed dscm's ghost
  3164 | D:4      | Found Emautoim's General Store.
  3238 | D:4      | Found a staircase to the Ecumenical Temple.
  3617 | D:4      | HP: 1/48 [hound skeleton (2)]
  3618 | D:4      | Succumbed to an orc wizard's poison

Action                   |  1- 3 |  4- 6 |  7- 9 || total
-------------------------+-------+-------+-------++-------
Melee: Dagger            |   111 |   144 |    70 ||   325
 Cast: Corona            |     1 |       |       ||     1
       Ensorcelled Hiber |    19 |    44 |    16 ||    79
       Confuse           |       |     5 |     8 ||    13
  Use: Potion            |     1 |       |     3 ||     4
 Stab: Sleeping          |    20 |    27 |     9 ||    56
       Confused          |       |     5 |     3 ||     8
  Eat: Fruit             |       |     1 |     2 ||     3
